 Dungeon Crawl Stone Soup version 0.25.1-2-g60ff931df9 (webtiles) character file.

Game seed: 1731339400588038419

34036 funkygono the Thaumaturge (level 13, -11/93 HPs)
             Began as a Demonspawn Conjurer on Oct 3, 2020.
             Was a Priest of Vehumet.
             Mangled by a red draconian
             ... wielding a +4 battleaxe of flaming
              (14 damage)
             ... in a volcano.
             The game lasted 01:03:42 (20678 turns).

funkygono the Thaumaturge (Demonspawn Conjurer)    Turns: 20678, Time: 01:03:42

Health: -11/93     AC: 28    Str: 10    XL:     13   Next: 40%
Magic:  0/29       EV: 16    Int: 28    God:    Vehumet [***...]
Gold:   1294       SH:  0    Dex: 13    Spells: 8/36 levels left

rFire    . . .     SeeInvis +   k - +5 whip (venom)
rCold    + . .     Gourm    .   (no shield)
rNeg     + . .     Faith    .   e - +2 robe {Archmagi}
rPois    +         Spirit   +   V - +3 crown of Dyrovepreva {rElec Int+2 SInv}
rElec    +         Reflect  .   u - +2 ratskin cloak {+Rats rPois rN+ Str-1 Int-1 Dex+1}
rCorr    .         Harm     .   Y - +2 pair of gloves {Str+3}
MR       .....                  X - +2 pair of boots {Fly}
Stlth    ++........             o - amulet of Ceocs {RegenMP +Fly rPois Dex-3}
HPRegen  0.25/turn              A - +6 ring of intelligence
MPRegen  0.67/turn              v - ring of protection from cold

@: sanguine armour, flying
A: horns 2, magic shield, magic regeneration, rot immunity, sanguine armour 3
a: Renounce Religion, Evoke Ratskin, Stop Flying


You were in a volcano.
You worshipped Vehumet.
Vehumet was most pleased with you.
You were not hungry.

You visited 3 branches of the dungeon, and saw 16 of its levels.
You also visited: Trove, Ossuary and Volcano.

You collected 1294 gold pieces.

Inventory:

Hand Weapons
 k - a +5 whip of venom (weapon)
Missiles
 l - 295 stones (quivered)
Armour
 e - a +2 robe of the Archmagi (worn)
 u - the +2 ratskin cloak (worn) {+Rats rPois rN+ Str-1 Int-1 Dex+1}
   (You found it on level 6 of the Dungeon)

   It affects your strength (-1).
   It affects your intelligence (-1).
   It affects your dexterity (+1).
   It protects you from poison.
   It protects you from negative energy.
 V - the +3 crown of Dyrovepreva (worn) {rElec Int+2 SInv}
   (You found it in a treasure trove)

   It affects your intelligence (+2).
   It insulates you from electricity.
   It lets you see invisible.
 X - a +2 pair of boots of flying (worn)
 Y - a +2 pair of gloves of strength (worn)
Magical Staves
 y - an uncursed staff of fire
Jewellery
 o - the amulet of Ceocs (around neck) {RegenMP +Fly rPois Dex-3}
   (You acquired it on level 10 of the Dungeon)

   [amulet of magic regeneration]

   It increases your magic regeneration.
   It affects your dexterity (-3).
   It protects you from poison.
   It lets you fly.
 v - a ring of protection from cold (right hand)
 A - a +6 ring of intelligence (left hand)
 N - an uncursed ring of fire
 P - an uncursed ring of poison resistance
 Q - an uncursed amulet of regeneration
Wands
 b - a wand of digging (15)
 d - a wand of enslavement (6)
 f - a wand of flame (31)
 s - a wand of paralysis (7)
 O - a wand of acid (20)
Scrolls
 h - a scroll of enchant weapon
 j - 3 scrolls of identify
 m - 10 scrolls of teleportation
 n - 2 scrolls of fear
 q - a scroll of holy word {unknown}
 w - 4 scrolls of amnesia
 C - 5 scrolls of remove curse
 H - 2 scrolls of immolation
 K - a scroll of blinking
Potions
 g - 5 potions of curing
 p - 3 potions of brilliance
 r - 2 potions of invisibility
 t - 6 potions of haste
 x - 4 potions of might
 z - a potion of mutation
 D - a potion of resistance
 E - 5 potions of cancellation
 J - a potion of magic
 L - 2 potions of lignification
 M - 4 potions of ambrosia
Comestibles
 a - 4 chunks of flesh
 c - 31 rations


   Skills:
 + Level 5.7 Fighting
 + Level 7.0 Maces & Flails
 + Level 7.3 Dodging
 - Level 1.7 Stealth
 + Level 12.0 Spellcasting
 + Level 11.0 Conjurations
 + Level 2.2 Hexes
 + Level 5.4 Fire Magic
 + Level 6.9 Ice Magic
 + Level 3.3 Earth Magic


You had 8 spell levels left.
You knew the following spells:

 Your Spells              Type           Power        Failure   Level  Hunger
a - Magic Dart            Conj           ####         1%          1    None
b - Searing Ray           Conj           ######       1%          2    None
c - Dazzling Flash        Conj/Hex       ######       1%          3    None
d - Fulminant Prism       Conj/Hex       ######....   1%          4    None
e - Freeze                Ice            ####         1%          1    None
f - Sandblast             Erth           ######       1%          1    None
g - Stone Arrow           Conj/Erth      ######       1%          3    None
h - Frozen Ramparts       Ice            ######       1%          3    None
i - Hailstorm             Conj/Ice       #######.     1%          4    None
j - Fireball              Conj/Fire      #######...   1%          5    ###....
k - Foxfire               Conj/Fire      ####         1%          1    None

Your spell library contained the following spells:

 Spells                   Type           Power        Failure   Level  Hunger
 Conjure Flame            Conj/Fire      #######.     1%          3    None
 Inner Flame              Hex/Fire       ######..     1%          3    None
 Iskenderun's Mystic Bla  Conj/Tloc      ######..     1%          4    None
 Sticky Flame             Conj/Fire      #######.     1%          4    None
 Beastly Appendage        Tmut           ####..       3%          1    None
 Sticks to Snakes         Tmut           ####....     4%          2    None
 Ice Form                 Ice/Tmut       ######..     8%          4    None
 Spider Form              Tmut/Pois      ####......   10%         3    None
 Blade Hands              Tmut           ####......   65%         5    ###....


Dungeon Overview and Level Annotations

Branches:
Dungeon (10/15)            Temple (1/1) D:4            Lair (5/6) D:9
  Swamp (0/4) Lair:4        Snake (0/4) Lair:2      Ossuary (visited)
Volcano (1/1)
  Slime: Lair:5-6       Orc: D:9-12

Altars:
Ashenzari
Cheibriados
Dithmenos
Elyvilon
Fedhas
Gozag
Hepliaklqana
Kikubaaqudgha
Makhleb
Nemelex Xobeh
Okawaru
Qazlal
Ru
Sif Muna
Trog
Uskayaw
Vehumet
Wu Jian
Xom
Yredelemnul
Zin
The Shining One

Shops:
D:5 %   D:8 ?   D:9 ?*


Innate Abilities, Weirdness & Mutations

You have a pair of horns on your head.
When hurt, damage is shared between your health and your magic reserves.
You regenerate magic rapidly.
You are immune to rotting.
When seriously injured, your bleeding wounds create very thick armour. (AC +12)


Message History

You feel your power returning.
The salamander hits you but does no damage.
The wall freezes the molten gargoyle.
Casting: Searing Ray (safe; 1% risk of failure)
Confirm with . or Enter, or press ? or * to list all spells.
Aiming: Searing Ray (safe; 1% risk of failure)
Press: ? - help, Shift-Dir - straight line, f/p - red draconian
Aim: a red draconian, wielding a +4 battleaxe of flaming and wearing a +0 cloak (heavily wounded, berserk, slow)
You feel a surge of power!
The searing ray hits the red draconian!
The red draconian is heavily wounded.
The searing ray hits the salamander!
The salamander is lightly wounded. (Press . to maintain the ray.)
The frozen ramparts melt away.
The salamander hits you from afar with a +0 glaive!!
* * * LOW HITPOINT WARNING * * *
You are engulfed in flames!
* * * LOW HITPOINT WARNING * * *
The red draconian hits you with a +4 battleaxe of flaming!
You die...

#....≈≈≈§§≈§≈≈≈ #
##....≈≈≈§≈§§≈≈ #$
###....§≈≈§≈≈≈
#N####+## ##...≈§≈≈≈§§≈
....#...###8....≈§≈≈≈§§
._..'.∩.)☼......≈§≈≈≈§§
...#NN9###8.....§§≈§§≈
###d## ###.....§§.§§
#..@# ##....§.§..
#..⌠..# ####..####
#$[8.....# ####
#.##.....# # #..8..#
##$$$## #####


You could see a red draconian (berserk, slow), 2 salamanders and a molten
gargoyle.

Vanquished Creatures
  Kirke (Lair:4)
  Harold (D:7)
  3 hydras
  Erica (D:9)
  A two-headed ogre (D:9)
  A salamander mystic (Volcano)
  An ugly thing (D:9)
  An oklob plant (Lair:3)
  A salamander (Volcano)
  6 elephants (Lair:5)
  3 black mambas
  A torpor snail (Lair:1)
  6 spiny frogs
  A centaur skeleton (D:10)
  8 komodo dragons
  A troll (D:10)
  Prince Ribbit (D:7)
  7 dream sheep (Lair:5)
  15 blink frogs
  7 hippogriffs
  4 wraiths (D:7)
  A human (D:7)
  12 yaks
  7 fire bats (Volcano)
  A hungry ghost (D:9)
  A spriggan (Lair:1)
  3 basilisks
  A wyvern (Lair:5)
  10 hogs
  Grum (D:9)
  Menkaure (D:6)
  6 water moccasins
  Duvessa (D:7)
  2 orc warriors
  6 porcupines
  2 black bears
  A necrophage (D:7)
  3 ice beasts
  3 sky beasts
  An eye of draining (D:10)
  2 phantoms (D:7)
  11 ogres
  8 wolves
  5 centaurs
  12 crocodiles
  9 bullfrogs
  Dowan (D:7)
  A wyvern skeleton (D:10)
  A scorpion (D:6)
  3 killer bees (D:8)
  An electric eel (Lair:4)
  2 crimson imps
  5 lava snakes (Volcano)
  A centaur zombie (D:8)
  A bullfrog zombie (D:10)
  7 orc priests
  3 bullfrog skeletons
  2 hounds
  5 orc wizards
  A gnoll shaman (D:6)
  Jessica (D:3)
  4 iguanas
  7 worker ants
  A hell rat (D:6)
  8 mummies (Ossuary)
  A hound skeleton (D:6)
  7 gnolls
  11 adders
  6 river rats (D:6)
  A shadow imp (D:9)
  2 oozes
  2 adder skeletons
  2 worms (D:2)
  5 dart slugs (D:1)
  6 leopard geckos
  40 orcs
  11 giant cockroaches
  5 goblins
  5 hobgoblins
  19 jackals
  8 kobolds
  3 quokkas
  9 bats
  7 frilled lizards
  A gnoll zombie (Ossuary)
  3 hobgoblin zombies (Ossuary)
  2 kobold zombies (Ossuary)
  2 orc zombies (Ossuary)
  23 rats
  A butterfly (Lair:2)
  A plant (Lair:3)
419 creatures vanquished.

Vanquished Creatures (others)
  A bush (Lair:5)
  11 foxfires
  10 fulminant prisms
  9 fungi
  5 plants
36 creatures vanquished.

Grand Total: 455 creatures vanquished

Notes
Turn   | Place    | Note
-------+----------+-------------------------------------------
     0 | D:1      | funkygono the Demonspawn Conjurer began the quest for the
                  | Orb.
     0 | D:1      | Reached XP level 1. HP: 13/13 MP: 3/3
   330 | D:1      | Gained mutation: When seriously injured, your bleeding
                  | wounds create armour. (AC +12) [demonic ancestry]
   330 | D:1      | Reached XP level 2. HP: 19/19 MP: 3/5
   562 | D:1      | Learned a level 2 spell: Searing Ray
  1204 | D:1      | Gained mutation: When hurt, damage is shared between your
                  | health and your magic reserves. [demonic ancestry]
  1204 | D:1      | Reached XP level 3. HP: 24/24 MP: 2/6
  1844 | D:2      | Reached skill level 5 in Conjurations
  2501 | D:2      | Gained mutation: You are immune to rotting. [demonic
                  | ancestry]
  2501 | D:2      | Reached XP level 4. HP: 30/30 MP: 3/7
  2921 | D:2      | Learned a level 3 spell: Dazzling Flash
  3374 | D:3      | Noticed Jessica
  3384 | D:3      | Killed Jessica
  3578 | D:3      | Reached XP level 5. HP: 35/35 MP: 6/9
  3628 | D:3      | Reached skill level 1 in Maces & Flails
  3653 | D:3      | Noticed an ogre
  3792 | D:3      | Reached skill level 3 in Spellcasting
  4393 | D:3      | Gained mutation: When seriously injured, your bleeding
                  | wounds create thick armour. (AC +12) [demonic ancestry]
  4393 | D:3      | Reached XP level 6. HP: 36/41 MP: 0/11
  4737 | D:4      | Reached skill level 4 in Spellcasting
  4849 | D:4      | Learned a level 4 spell: Fulminant Prism
  4889 | D:4      | Gained mutation: You have a pair of small horns on your
                  | head. [demonic ancestry]
  4889 | D:4      | Reached XP level 7. HP: 46/46 MP: 4/13
  5147 | D:4      | Found a shimmering altar of Xom.
  5270 | D:4      | Reached skill level 5 in Spellcasting
  5671 | D:4      | Found a staircase to the Ecumenical Temple.
  5680 | Temple   | Entered the Ecumenical Temple
  5830 | Temple   | Became a worshipper of Vehumet
  6101 | D:5      | Entered Level 5 of the Dungeon
  6268 | D:4      | Reached XP level 8. HP: 31/53 MP: 0/15
  6503 | D:5      | Identified the +2 leather armour "Sour" {rPois Dex-4 SInv}
  7081 | D:5      | Found Wiotzeir's Food Boutique.
  7418 | D:6      | Reached skill level 1 in Fighting
  7618 | D:6      | Found the +2 ratskin cloak {+Rats rPois rN+ Str-1 Int-1
                  | Dex+1}
  7639 | D:6      | Reached * piety under Vehumet
  7639 | D:6      | Offered knowledge of Freeze by Vehumet.
  7649 | D:6      | Learned a level 1 spell: Freeze
  8050 | D:6      | Reached skill level 1 in Hexes
  8322 | D:6      | Found a shattered altar of Ashenzari.
  8537 | D:6      | Reached skill level 6 in Spellcasting
  8682 | D:6      | Noticed Menkaure
  8691 | D:6      | Killed Menkaure
  8691 | D:6      | Reached ** piety under Vehumet
  8691 | D:6      | Offered knowledge of Sandblast by Vehumet.
  8691 | D:6      | Gained mutation: When seriously injured, your bleeding
                  | wounds create very thick armour. (AC +12) [demonic
                  | ancestry]
  8691 | D:6      | Reached XP level 9. HP: 39/59 MP: 3/18
  8726 | D:6      | Learned a level 1 spell: Sandblast
  9516 | D:7      | Found an ornate altar of the Wu Jian Council.
  9785 | D:7      | Noticed Prince Ribbit
  9805 | D:7      | Killed Prince Ribbit
  9805 | D:7      | Reached skill level 7 in Spellcasting
  9805 | D:7      | Reached skill level 1 in Ice Magic
  9870 | D:7      | Reached skill level 1 in Earth Magic
  9947 | D:7      | Noticed Duvessa
  9947 | D:7      | Noticed Dowan
  9955 | D:7      | Noticed Harold
  9958 | D:7      | Killed Duvessa
  9965 | D:7      | Killed Dowan
  9977 | D:7      | Killed Harold
  9977 | D:7      | Reached XP level 10. HP: 33/70 MP: 2/21
 10196 | D:7      | Reached skill level 5 in Dodging
 10209 | D:7      | Found the +5 scythe "Finisher" {speed, eviscerate}
 10226 | D:7      | Reached skill level 5 in Maces & Flails
 10680 | D:7      | Offered knowledge of Stone Arrow by Vehumet.
 10680 | D:7      | Reached skill level 8 in Spellcasting
 10705 | D:7      | Learned a level 3 spell: Stone Arrow
 11238 | D:8      | Reached *** piety under Vehumet
 11425 | D:8      | Found a sand-covered staircase.
 11430 | Ossuary  | Entered an ossuary
 11466 | Ossuary  | Offered knowledge of Frozen Ramparts by Vehumet.
 11761 | D:8      | Learned a level 3 spell: Frozen Ramparts
 11784 | D:8      | Found Biyhimon's Magic Scroll Boutique.
 12303 | D:9      | Found Suul's Changing Room.
 12395 | D:9      | Noticed a two-headed ogre
 12419 | D:9      | Killed a two-headed ogre
 12717 | D:9      | Found Nihuivuc's Magic Scroll Shop.
 12729 | D:9      | Noticed Erica
 12738 | D:9      | Killed Erica
 12738 | D:9      | Reached skill level 9 in Spellcasting
 12738 | D:9      | Reached XP level 11. HP: 54/77 MP: 11/24
 12975 | D:9      | Noticed Grum
 12980 | D:9      | Reached **** piety under Vehumet
 12982 | D:9      | Killed Grum
 13130 | D:9      | Found a staircase to the Lair.
 13410 | D:10     | Entered Level 10 of the Dungeon
 13410 | D:10     | Found the +7 Kryia's mail coat {PotionHeal*2 rC+}
 13411 | D:10     | Noticed a white ugly thing
 13436 | D:9      | Killed a white ugly thing
 14045 | D:10     | Offered knowledge of Hailstorm by Vehumet.
 14197 | D:10     | Found a portal to a secret trove of treasure.
 14204 | Trove    | Entered a treasure trove
 14207 | Trove    | Found the +9 scales of the Dragon King {rPois rF+ rC+ MR+}
 14208 | Trove    | Found the +2 shield of Resistance {rF+ rC+ MR+}
 14208 | Trove    | Found the +3 crown of Dyrovepreva {rElec Int+2 SInv}
 14238 | Trove    | Got a warped hat
 14249 | Trove    | Identified the -1 hat of an ice cave {Str+2} (You found it
                  | in a treasure trove)
 14469 | D:10     | Identified a scroll of acquirement
 14469 | D:10     | Acquired the amulet of Ceocs {RegenMP +Fly rPois Dex-3}
 14578 | Lair:1   | Entered Level 1 of the Lair of Beasts
 14802 | Lair:1   | Got a smouldering shortbow
 14817 | Lair:1   | Learned a level 4 spell: Hailstorm
 14823 | Lair:1   | Learned a level 5 spell: Fireball
 15136 | Lair:1   | Got a faintly glowing falchion
 15137 | Lair:1   | Identified the +5 shortbow of Pahemn {freeze, rPois Str+2}
                  | (You found it on level 1 of the Lair of Beasts)
 15217 | Lair:1   | Found the +7 Singing Sword {vorpal, sonic wave}
 15223 | Lair:1   | Noticed a six-headed hydra
 15234 | Lair:1   | Killed a six-headed hydra
 15430 | Lair:1   | Reached skill level 1 in Fire Magic
 15478 | Lair:1   | Reached skill level 10 in Conjurations
 15946 | Lair:2   | Reached skill level 10 in Spellcasting
 15979 | Lair:2   | Found a staircase to the Snake Pit.
 15999 | Lair:2   | Found the +8 trident of the Octopus King {venom, rElec
                  | rPois MR+}
 16166 | Lair:2   | Learned a level 1 spell: Foxfire
 16209 | Lair:2   | Gained mutation: You have a pair of horns on your head.
                  | [demonic ancestry]
 16209 | Lair:2   | Reached XP level 12. HP: 33/85 MP: 7/26
 17293 | Lair:3   | Reached skill level 5 in Fighting
 17356 | Lair:3   | Noticed an eight-headed hydra
 17372 | Lair:3   | Killed an eight-headed hydra
 18337 | Lair:4   | Reached skill level 5 in Ice Magic
 18468 | Lair:4   | Found a staircase to the Swamp.
 18745 | Lair:4   | Reached skill level 11 in Spellcasting
 19000 | Lair:4   | Noticed a seven-headed hydra
 19016 | Lair:4   | Killed a seven-headed hydra
 19241 | Lair:4   | Noticed Kirke
 19245 | Lair:4   | Reached skill level 5 in Fire Magic
 19256 | Lair:4   | Noticed a sphinx
 19256 | Lair:4   | Killed Kirke
 19777 | Lair:5   | Gained mutation: You regenerate magic rapidly. [demonic
                  | ancestry]
 19777 | Lair:5   | Reached XP level 13. HP: 92/92 MP: 24/28
 20248 | Lair:5   | Found a dark tunnel.
 20253 | Volcano  | Entered a volcano
 20652 | Volcano  | Noticed a red draconian
 20659 | Volcano  | Reached skill level 12 in Spellcasting
 20664 | Volcano  | Found a radiant altar of Vehumet.
 20678 | Volcano  | HP: 3/93 [salamander/+0 glaive (12)]
 20678 | Volcano  | Mangled by a red draconian

Illustrated notes

Levels and vault maps discovered:
D:1:      wander_arrival_lonely_grave, layout_loops_corners, minmay_statues_item
D:2:      layout_basic, first_ration
D:3:      layout_rooms, uniq_jessica
D:4:      layout_basic, nicolae_overflow_crystal_walls,
          minmay_temple_entry_glassed_door, minmay_vboxes
D:5:      layout_gridville, serial_shops, shop
D:6:      wander_guarded_unrand_ratskin, layout_gridville, ashenzari_altar_1,
          uniq_menkaure
D:7:      layout_loops_ring, lemuel_round_altar, grunt_livestock, moated_statue,
          minivault_27, minmay_guarded_unrand_finisher, uniq_duvessa,
          uniq_prince_ribbit1, uniq_harold
D:8:      layout_rooms, serial_shops, shop, enter_ossuary_5,
          minmay_misc_feat_rugged
D:9:      layout_roguey, lair_entry_dummy, serial_shops, shop,
          nicolae_transmutations_shop, uniq_erica, uniq_grum
D:10:     layout_rooms, enter_trove_1, minmay_checkerbox
Temple:   regret_index_temple_chain_breaker
Lair:1:   layout_hall_layers, grunt_forest_large_clearing_hut
Lair:2:   layout_roguey, dummy_snake_entry, beast_lair_carwin_10,
          lemuel_fruit_fields, lemuel_fruit_tree
Lair:3:   layout_long_grid, minmay_lair_oklob_items, serial_bayou_shore_b
Lair:4:   layout_cellular_growth, swamp_mist_pool, grunt_megastairs_1,
          uniq_kirke
Lair:5:   layout_loops_ring, nicolae_volcano_entry_two_sided, patterned_corridor
Volcano:  volcano_grotto [vgs_many_chambers]

Skill      XL: |  1  2  3  4  5  6  7  8  9 10 11 12 13 |
---------------+----------------------------------------+-----
Conjurations   | 5 6 7 8 9 10 11 | 11.0
Dodging        | 2 3 4 5 6 7 |  7.3
Maces & Flails | 1 2 3 4 6 7 |  7.0
Spellcasting   | 3 4 5 6 7 9 10 11 12 | 12.0
Fighting       | 1 3 4 5 |  5.7
Hexes          | 1 2 |  2.2
Ice Magic      | 1 2 4 5 6 |  6.9
Earth Magic    | 1 2 3 |  3.3
Fire Magic     | 2 5 |  5.4
Stealth        | |  1.7

Action                   |  1- 3 |  4- 6 |  7- 9 | 10-12 | 13-15 || total
-------------------------+-------+-------+-------+-------+-------++-------
Melee: Club              |    10 |       |       |       |       ||    10
       Whip              |    15 |    16 |   110 |   219 |    17 ||   377
       Headbutt          |       |       |    24 |    43 |     2 ||    69
 Cast: Magic Dart        |    81 |    55 |   107 |   127 |    49 ||   419
       Searing Ray       |     9 |    22 |    54 |    81 |    18 ||   184
       Dazzling Flash    |       |     2 |    11 |       |       ||    13
       Fulminant Prism   |       |       |     5 |     4 |     1 ||    10
       Sandblast         |       |       |     5 |    10 |       ||    15
       Freeze            |       |       |     1 |     3 |       ||     4
       Stone Arrow       |       |       |       |    25 |     1 ||    26
       Frozen Ramparts   |       |       |       |    55 |    17 ||    72
       Fireball          |       |       |       |    19 |     9 ||    28
       Foxfire           |       |       |       |     6 |       ||     6
  Use: Scroll            |     4 |     6 |    11 |    19 |       ||    40
       Potion            |       |       |     2 |       |     2 ||     4
 Stab: Invisible         |       |       |     3 |       |       ||     3
  Eat: Chunk             |     6 |     9 |    16 |    23 |     3 ||    57
       Ration            |       |       |       |     4 |       ||     4
Armor: Robe              |     6 |     6 |    52 |   116 |    29 ||   209
Dodge: Dodged            |    29 |    33 |   129 |   274 |    56 ||   521
